 Dungeon Crawl Stone Soup version 0.29.0-15-g675c0067aa (webtiles) character file.

Game seed: 11079025437624135150

3161 qw the Cleaver (level 9, 81/81 HPs)
             Began as a Minotaur Berserker on Sept 12, 2022.
             Was a Priest of Trog.
             Quit the game on level 7 of the Dungeon.
             The game lasted 00:08:26 (7970 turns).

qw the Cleaver (Minotaur Berserker)                 Turns: 7970, Time: 00:08:27

Health: 81/81      AC: 15    Str: 26    XL:     9   Next: 62%
Magic:  8/8        EV: 23    Int: 10    God:    Trog [***...]
Gold:   207        SH:  0    Dex: 10    Spells: 8/8 levels left

rFire   . . .      SeeInvis .   Y - +0 war axe (drain)
rCold   . . .      Faith    .   (no shield)
rNeg    . . .      Spirit   .   f - +0 plate armour
rPois   +          Reflect  .   (helmet restricted)
rElec   .          Harm     .   o - +0 cloak
rCorr   .          Rampage  .   i - +0 pair of gloves
Will    .....                   (no boots)
Stlth   ..........              p - amulet of the acrobat
HPRegen 0.23/turn               d - ring of poison resistance
MPRegen 0.11/turn               h - +6 ring of intelligence

@: acrobatic
A: horns 2, retaliatory headbutt, hooves 1, passive freeze, sense surroundings
1, MP-powered wands
a: Renounce Religion, Berserk, Trog's Hand


You were on level 7 of the Dungeon.
You worshipped Trog.
Trog was most pleased with you.
You visited 1 branch of the dungeon, and saw 7 of its levels.

You collected 273 gold pieces.
You spent 66 gold pieces at shops.


Innate Abilities, Weirdness & Mutations

You have a pair of horns on your head.
You reflexively headbutt those who attack you in melee.
You have large cloven feet.
A frigid envelope surrounds you and freezes all who hurt you.
You passively map a small area around you.
You expend magic power (3 MP) to strengthen your wands.


   Skills:
 - Level 8.0 Fighting
 + Level 13.0 Axes
 - Level 2.0 Throwing
 - Level 7.1 Armour
 - Level 2.1 Dodging


You had 8 spell levels left.
You didn't know any spells.
Your spell library was empty.

Inventory:

Hand Weapons
 l - a +0 flail
 Y - a +0 war axe of draining (weapon)
Missiles
 n - 10 boomerangs (quivered)
Armour
 f - a +0 plate armour (worn)
 i - a +0 pair of gloves (worn)
 o - a +0 cloak (worn)
Jewellery
 d - a ring of poison resistance (left hand)
 h - a +6 ring of intelligence (right hand)
 p - an amulet of the acrobat (around neck)
Scrolls
 a - 6 scrolls of identify
Potions
 c - 3 potions of curing
 g - a potion of cancellation
 j - a potion of haste
 m - 2 potions of heal wounds

Dungeon Overview and Level Annotations

Branches:
Dungeon (7/15)             Temple (0/1) D:4

Altars:
Elyvilon
Fedhas
Kikubaaqudgha
Okawaru
Vehumet
Wu Jian
Xom

Shops:
D:1 *   D:2 =(:(   D:3 [   D:4 (   D:7 ?

Annotations:
D:2 1 runed translucent door, Crazy Yiuf
D:5 3 runed translucent doors, qw's ghost, weakling GrDe


Message History

Press < or > to pray at altars.
Press < or > to pray at altars.
Press < or > to pray at altars.
An orc warrior is nearby!
An orc warrior is nearby!
7958 ||| Stepping randomly (stuck).
There is an iron altar of Okawaru here.
Press < or > to pray at altars.
Press < or > to pray at altars.
Press < or > to pray at altars.
Press < or > to pray at altars.
Press < or > to pray at altars.
Press < or > to pray at altars.
An orc warrior is nearby!
An orc warrior is nearby!
7960 ||| Stepping randomly (stuck).
An orc warrior is nearby!
An orc warrior is nearby!
7961 ||| Stepping randomly (stuck).
An orc warrior is nearby!
An orc warrior is nearby!
7962 ||| Stepping randomly (stuck).
An orc warrior is nearby!
An orc warrior is nearby!
7963 ||| Stepping randomly (stuck).
An orc warrior is nearby!
An orc warrior is nearby!
7965 ||| Stepping randomly (stuck).
An orc warrior is nearby!
An orc warrior is nearby!
7967 ||| Stepping randomly (stuck).
An orc warrior is nearby!
An orc warrior is nearby!
7968 ||| Stepping randomly (stuck).
An orc warrior is nearby!
An orc warrior is nearby!
7969 ||| Stepping randomly (stuck).
An orc warrior is nearby!
An orc warrior is nearby!
Are you sure you want to abandon this character and quit the game? (Confirm with "yes".)

, * * , , ...####. * ,
... ......,.......>+ ...
#8..8# ....... *
*#..##....##......,
##.##......##...: #..#
#$$o.# #...
#..##########..+####
#..#}...@..}#.#.... , *
#.)#.._.._..#.#..#*
#.('}......}'.#..# ##
#..#....$...#....##..,
#..##########.....#.#* #
#... ............##.##.#
#...,.###..............#
#.#. ...............####
## #.####.#####.#.###


You could see an orc warrior.

Vanquished Creatures
  Eustachio (D:4)
  Duvessa (D:4)
  A water moccasin (D:6)
  2 orc warriors (D:6)
  3 black bears
  A sky beast (D:6)
  An ice beast (D:5)
  2 centaurs
  A phantom (D:5)
  Blork the orc (D:4)
  2 gnoll sergeants
  A bullfrog (D:4)
  4 scorpions
  2 necrophages
  5 wights (D:7)
  5 killer bees (D:7)
  Dowan (D:4)
  An electric eel (D:7)
  2 orc priests
  5 hounds
  A jelly (D:6)
  3 iguanas (D:4)
  8 orc wizards (D:6)
  8 gnolls
  10 adders
  13 orcs
  8 bats
  8 endoplasms
  A giant cockroach (D:1)
  6 goblins
  5 hobgoblins
  4 quokkas
  9 ball pythons
  10 kobolds
  4 rats
140 creatures vanquished.

Vanquished Creatures (others)
  A human (D:5)
  6 plants
7 creatures vanquished.

Grand Total: 147 creatures vanquished

Notes
Turn   | Place    | Note
-------+----------+-------------------------------------------
     0 | D:1      | qw the Minotaur Berserker began the quest for the Orb.
     0 | D:1      | Reached XP level 1. HP: 19/19 MP: 0/0
     0 | D:1      | 0 ||| qw: Version: 0.1-a-119-g272c26d
     0 | D:1      | 0 ||| qw: Game counter: 10893
     0 | D:1      | 0 ||| qw: Always use a shield: true
     0 | D:1      | 0 ||| qw: Do Orc after D:15 true
     0 | D:1      | 0 ||| qw: Do second Lair branch before Depths: true
     0 | D:1      | 0 ||| qw: Lair rune preference: random
     0 | D:1      | 0 ||| qw: Plans: Normal
     0 | D:1      | 0 ||| PLANNING D:1-11
     6 | D:1      | Noticed a redback
     6 | D:1      | Noticed an iguana
     6 | D:1      | Noticed a black bear
     7 | D:1      | Noticed a water moccasin
     7 | D:1      | Noticed a wolf
   200 | D:1      | Reached skill level 4 in Axes
   201 | D:1      | Found a faded altar of an unknown god.
   361 | D:1      | 361 ||| Stepping ~*~*~tactically~*~*~ (stealth).
   365 | D:1      | Reached XP level 2. HP: 26/26 MP: 1/1
   368 | D:1      | 368 ||| Stepping ~*~*~tactically~*~*~ (stealth).
   375 | D:1      | 375 ||| Stepping ~*~*~tactically~*~*~ (stealth).
   405 | D:1      | 405 ||| DROPPING +0 club.
   506 | D:1      | Found Noantat's General Store.
   516 | D:1      | 516 ||| SHOPLISTING scroll of enchant weapon (82 gold, have
                  | 36).
  1018 | D:1      | 1018 ||| UPGRADING to +0 plate armour.
  1028 | D:1      | 1028 ||| DROPPING +0 animal skin.
  1029 | D:1      | 1029 ||| UPGRADING to ring of poison resistance.
  1030 | D:1      | 1030 ||| UPGRADING to +6 ring of intelligence.
  1031 | D:1      | 1031 ||| READING 4 scrolls labelled HITHEOSHRAD.
  1032 | D:1      | 1032 ||| READING 3 scrolls of identify.
  1032 | D:1      | 1032 ||| IDENTIFYING bubbling sapphire potion
  1033 | D:1      | 1033 ||| DROPPING potion of brilliance.
  1100 | D:2      | Found Xaof's Antique Weapon Emporium.
  1107 | D:2      | 1107 ||| SHOPLISTING runed war axe (175 gold, have 44).
  1243 | D:2      | 1243 ||| Stepping ~*~*~tactically~*~*~ (stealth).
  1245 | D:2      | Reached skill level 5 in Axes
  1258 | D:2      | 1258 ||| Stepping ~*~*~tactically~*~*~ (stealth).
  1274 | D:2      | Reached XP level 3. HP: 31/31 MP: 2/2
  1417 | D:2      | 1417 ||| Stepping ~*~*~tactically~*~*~ (stealth).
  1422 | D:2      | Reached ** piety under Trog
  1445 | D:2      | 1445 ||| Stepping ~*~*~tactically~*~*~ (stealth).
  1609 | D:2      | Found Zif Seing's Antique Weapon Shop.
  1611 | D:2      | Found Tykocw's Book Emporium.
  1639 | D:2      | Identified the +4 hammer of the Endless March {vorpal,
                  | Will+ rCorr Int-5}
  1641 | D:2      | 1641 ||| DROPPING +0 mace.
  1646 | D:2      | 1646 ||| DROPPING +2 hammer of venom.
  1648 | D:2      | Found a runed translucent door.
  1649 | D:2      | Noticed Crazy Yiuf
  1651 | D:2      | 1651 ||| DROPPING +2 hammer of venom.
  1799 | D:2      | 1799 ||| Stepping ~*~*~tactically~*~*~ (stealth).
  1820 | D:2      | Reached XP level 4. HP: 39/39 MP: 3/3
  1841 | D:2      | Reached skill level 6 in Axes
  1934 | D:2      | Found Etaihery's Jewellery Shoppe.
  1937 | D:2      | 1937 ||| SHOPLISTING amulet "Teuhe" {rF+ Regen+} (572 gold,
                  | have 86).
  1937 | D:2      | 1937 ||| SHOPLISTING amulet "Zugujeg" {rPois Regen+} (535
                  | gold, have 86).
  1937 | D:2      | 1937 ||| SHOPLISTING amulet of the acrobat (390 gold, have
                  | 86).
  1937 | D:2      | 1937 ||| SHOPLISTING ring "Kiusucir" {Fly rElec Str+3
                  | Int+2} (546 gold, have 86).
  1937 | D:2      | 1937 ||| SHOPLISTING ring of Finadet {AC+4 Str+2} (613
                  | gold, have 86).
  1937 | D:2      | 1937 ||| SHOPLISTING ring of positive energy (260 gold,
                  | have 86).
  1937 | D:2      | 1937 ||| SHOPLISTING ring of see invisible (195 gold, have
                  | 86).
  1996 | D:2      | 1996 ||| READING scroll labelled DUEMOY NUPRUKK.
  1997 | D:2      | 1997 ||| READING 2 scrolls of identify.
  1997 | D:2      | 1997 ||| IDENTIFYING murky red potion
  1998 | D:2      | 1998 ||| DROPPING potion of degeneration.
  2092 | D:3      | 2092 ||| INVOKING Berserk.
  2223 | D:3      | 2223 ||| DROPPING +4 hammer of the Endless March {vorpal,
                  | Will+ rCorr Int-5}.
  2540 | D:3      | Found Juxte's Antique Armour Shop.
  2550 | D:3      | 2550 ||| SHOPLISTING pair of boots (112 gold, have 107).
  2700 | D:3      | 2700 ||| READING 2 scrolls labelled AHALIR VUALA.
  2701 | D:3      | 2701 ||| DRINKING 2 red potions.
  2702 | D:3      | 2702 ||| DROPPING scroll of noise.
  2755 | D:4      | 2755 ||| Stepping ~*~*~tactically~*~*~ (stealth).
  2762 | D:4      | 2762 ||| INVOKING Berserk.
  2765 | D:4      | Reached skill level 7 in Axes
  2765 | D:4      | Reached XP level 5. HP: 45/45 MP: 4/4
  2773 | D:4      | 2773 ||| FLEEEEING.
  2774 | D:4      | 2774 ||| FLEEEEING.
  2775 | D:4      | 2775 ||| FLEEEEING.
  2776 | D:4      | 2776 ||| FLEEEEING.
  2777 | D:4      | 2777 ||| FLEEEEING.
  2778 | D:4      | 2778 ||| FLEEEEING.
  2779 | D:4      | 2779 ||| FLEEEEING.
  2780 | D:4      | 2780 ||| STAIRDANCE
  2893 | D:4      | 2893 ||| STAIRDANCE
  2976 | D:4      | 2976 ||| Stepping ~*~*~tactically~*~*~ (stealth).
  2978 | D:4      | 2978 ||| Stepping ~*~*~tactically~*~*~ (stealth).
  2988 | D:4      | Reached skill level 3 in Armour
  2994 | D:4      | Reached XP level 6. HP: 33/52 MP: 5/5
  3065 | D:4      | 3065 ||| FLEEEEING.
  3066 | D:4      | 3066 ||| FLEEEEING.
  3067 | D:4      | 3067 ||| FLEEEEING.
  3068 | D:4      | 3068 ||| FLEEEEING.
  3069 | D:4      | 3069 ||| FLEEEEING.
  3070 | D:4      | 3070 ||| FLEEEEING.
  3071 | D:4      | 3071 ||| FLEEEEING.
  3072 | D:4      | 3072 ||| FLEEEEING.
  3073 | D:4      | 3073 ||| FLEEEEING.
  3127 | D:4      | Found a staircase to the Ecumenical Temple.
  3148 | D:4      | Noticed Blork the orc
  3152 | D:4      | 3152 ||| INVOKING Berserk.
  3153 | D:4      | Killed Blork the orc
  3267 | D:4      | 3267 ||| SWAPPING to +0 war axe.
  3268 | D:4      | 3268 ||| DROPPING +0 hand axe.
  3306 | D:4      | Found Daurogha's Weapon Boutique.
  3308 | D:4      | Noticed Eustachio
  3325 | D:4      | 3325 ||| FLEEEEING.
  3326 | D:4      | 3326 ||| FLEEEEING.
  3327 | D:4      | 3327 ||| INVOKING Berserk.
  3336 | D:4      | Killed Eustachio
  3337 | D:4      | Reached skill level 8 in Axes
  3450 | D:4      | Found a white marble altar of Elyvilon.
  3474 | D:4      | Reached skill level 9 in Axes
  3474 | D:4      | Reached XP level 7. HP: 59/59 MP: 6/6
  3508 | D:4      | 3508 ||| FLEEEEING.
  3509 | D:4      | 3509 ||| FLEEEEING.
  3510 | D:4      | 3510 ||| STAIRDANCE
  3536 | D:3      | 3536 ||| UPGRADING to amulet of the acrobat.
  3541 | D:3      | 3541 ||| DRINKING 2 puce potions.
  3541 | D:3      | Gained mutation: You occasionally lose the ability to drink
                  | potions when taking damage. [potion of mutation]
  3541 | D:3      | Gained mutation: Your system is resistant to poisons.
                  | (rPois) [potion of mutation]
  3542 | D:3      | 3542 ||| REMOVING ring of poison resistance.
  3543 | D:3      | 3543 ||| DRINKING potion of mutation.
  3543 | D:3      | Lost mutation: You occasionally lose the ability to drink
                  | potions when taking damage. [potion of mutation]
  3543 | D:3      | Lost mutation: Your system is resistant to poisons. (rPois)
                  | [potion of mutation]
  3543 | D:3      | Gained mutation: A frigid envelope surrounds you and
                  | freezes all who hurt you. [potion of mutation]
  3543 | D:3      | Gained mutation: You have large cloven feet. [potion of
                  | mutation]
  3543 | D:3      | Gained mutation: You expend magic power (3 MP) to
                  | strengthen your wands. [potion of mutation]
  3543 | D:3      | Gained mutation: You passively map a small area around you.
                  | [potion of mutation]
  3544 | D:3      | 3544 ||| UPGRADING to ring of poison resistance.
  3545 | D:3      | 3545 ||| READING 3 scrolls of identify.
  3545 | D:3      | 3545 ||| IDENTIFYING glowing green potion
  3546 | D:3      | 3546 ||| READING 2 scrolls of identify.
  3546 | D:3      | 3546 ||| IDENTIFYING bubbling blue potion
  3547 | D:3      | 3547 ||| DROPPING potion of lignification.
  3551 | D:4      | 3551 ||| STAIRDANCE
  3551 | D:4      | Reached *** piety under Trog
  3735 | D:4      | Noticed Duvessa
  3735 | D:4      | Noticed Dowan
  3737 | D:4      | 3737 ||| INVOKING Berserk.
  3739 | D:4      | Killed Duvessa
  3743 | D:4      | Killed Dowan
  3903 | D:4      | 3903 ||| READING scroll labelled DIJORIJ DIDAO.
  3904 | D:4      | 3904 ||| DRINKING 2 murky cyan potions.
  3905 | D:4      | 3905 ||| READING 2 scrolls of identify.
  3905 | D:4      | 3905 ||| IDENTIFYING amethyst potion
  3906 | D:4      | 3906 ||| DROPPING potion of attraction.
  3907 | D:4      | 3907 ||| DROPPING potion of invisibility.
  3914 | D:5      | Entered Level 5 of the Dungeon
  3922 | D:5      | Reached skill level 10 in Axes
  3927 | D:5      | Reached XP level 8. HP: 61/68 MP: 7/7
  3970 | D:5      | Found an ornate altar of the Wu Jian Council.
  4033 | D:5      | Reached skill level 6 in Fighting
  4095 | D:5      | 4095 ||| Stepping ~*~*~tactically~*~*~ (stealth).
  4104 | D:5      | 4104 ||| INVOKING Berserk.
  4258 | D:5      | Found a shimmering altar of Xom.
  4258 | D:5      | Found a radiant altar of Vehumet.
  4271 | D:5      | Found a runed translucent gate.
  4271 | D:5      | Found a runed translucent gate.
  4271 | D:5      | Found a runed translucent gate.
  4271 | D:5      | Noticed qw's ghost (weakling GrDe)
  4369 | D:5      | Found an ancient bone altar of Kikubaaqudgha.
  4462 | D:5      | 4462 ||| READING scroll labelled VUANIJECLI.
  4463 | D:5      | 4463 ||| READING scroll labelled MUAFIJ OHIUM.
  4464 | D:5      | 4464 ||| DRINKING 2 bubbling grey potions.
  4465 | D:5      | 4465 ||| READING 3 scrolls of identify.
  4465 | D:5      | 4465 ||| IDENTIFYING blue potion
  4466 | D:5      | 4466 ||| READING 2 scrolls of identify.
  4466 | D:5      | 4466 ||| IDENTIFYING fizzy coppery potion
  4467 | D:5      | 4467 ||| DROPPING potion of magic.
  4899 | D:6      | Reached skill level 11 in Axes
  5064 | D:6      | 5064 ||| INVOKING Berserk.
  5196 | D:6      | 5196 ||| Stepping ~*~*~tactically~*~*~ (stealth).
  5198 | D:6      | 5198 ||| Stepping ~*~*~tactically~*~*~ (hiding).
  5208 | D:6      | 5208 ||| INVOKING Berserk.
  5273 | D:6      | 5273 ||| Stepping ~*~*~tactically~*~*~ (stealth).
  5342 | D:6      | 5342 ||| Stepping ~*~*~tactically~*~*~ (stealth).
  5387 | D:6      | 5387 ||| Stepping ~*~*~tactically~*~*~ (hiding).
  5389 | D:6      | 5389 ||| Stepping ~*~*~tactically~*~*~ (hiding).
  5400 | D:6      | Reached skill level 12 in Axes
  5403 | D:6      | Reached XP level 9. HP: 41/78 MP: 8/8
  5654 | D:6      | 5654 ||| Stepping ~*~*~tactically~*~*~ (stealth).
  5664 | D:6      | 5664 ||| Stepping ~*~*~tactically~*~*~ (hiding).
  5665 | D:6      | 5665 ||| INVOKING Berserk.
  5780 | D:6      | 5780 ||| DRINKING 4 potions of curing.
  5780 | D:6      | 5780 ||| (to cure confusion)
  5842 | D:6      | 5842 ||| INVOKING Berserk.
  5895 | D:6      | 5895 ||| Stepping ~*~*~tactically~*~*~ (stealth).
  5899 | D:6      | 5899 ||| INVOKING Berserk.
  6252 | D:6      | 6252 ||| UPGRADING to +0 pair of gloves.
  6257 | D:6      | 6257 ||| UPGRADING to +0 cloak.
  6262 | D:6      | 6262 ||| DROPPING amulet of faith.
  6263 | D:6      | 6263 ||| READING 2 scrolls labelled IHYISU BUNU.
  6264 | D:6      | 6264 ||| READING 4 scrolls of identify.
  6264 | D:6      | 6264 ||| IDENTIFYING cyan potion
  6265 | D:6      | 6265 ||| DROPPING scroll of blinking.
  6266 | D:6      | 6266 ||| DROPPING potion of ambrosia.
  6335 | D:7      | Reached skill level 6 in Armour
  6339 | D:7      | Reached skill level 13 in Axes
  6422 | D:7      | Found Good's Magic Scroll Shop.
  6423 | D:7      | 6423 ||| INVOKING Berserk.
  6574 | D:7      | 6574 ||| BUYING 2 scrolls of identify (44 gold).
  6574 | D:7      | Bought 2 scrolls of identify for 44 gold pieces
  6574 | D:7      | 6574 ||| BUYING scroll of identify (22 gold).
  6574 | D:7      | Bought a scroll of identify for 22 gold pieces
  6612 | D:7      | Reached **** piety under Trog
  6630 | D:7      | 6630 ||| Stepping ~*~*~tactically~*~*~ (stealth).
  6633 | D:7      | 6633 ||| Stepping ~*~*~tactically~*~*~ (stealth).
  6683 | D:7      | Found a blossoming altar of Fedhas.
  6683 | D:7      | Found an iron altar of Okawaru.
  6692 | D:7      | 6692 ||| Stepping randomly (stuck).
  6696 | D:7      | 6696 ||| Stepping randomly (stuck).
  6697 | D:7      | 6697 ||| Stepping randomly (stuck).
  6698 | D:7      | 6698 ||| Stepping randomly (stuck).
  6699 | D:7      | 6699 ||| Stepping randomly (stuck).
  6701 | D:7      | 6701 ||| Stepping randomly (stuck).
  6702 | D:7      | 6702 ||| Stepping randomly (stuck).
  6703 | D:7      | 6703 ||| Stepping randomly (stuck).
  6704 | D:7      | 6704 ||| Stepping randomly (stuck).
  6705 | D:7      | 6705 ||| Stepping randomly (stuck).
  6706 | D:7      | 6706 ||| Stepping randomly (stuck).
  6707 | D:7      | 6707 ||| Stepping randomly (stuck).
  6709 | D:7      | 6709 ||| Stepping randomly (stuck).
  6710 | D:7      | 6710 ||| Stepping randomly (stuck).
  6711 | D:7      | 6711 ||| Stepping randomly (stuck).
  6712 | D:7      | 6712 ||| Stepping randomly (stuck).
  6713 | D:7      | 6713 ||| Stepping randomly (stuck).
  6714 | D:7      | 6714 ||| Stepping randomly (stuck).
  6715 | D:7      | 6715 ||| Stepping randomly (stuck).
  6716 | D:7      | 6716 ||| Stepping randomly (stuck).
  6717 | D:7      | 6717 ||| Stepping randomly (stuck).
  6718 | D:7      | 6718 ||| Stepping randomly (stuck).
  6719 | D:7      | 6719 ||| Stepping randomly (stuck).
  6720 | D:7      | 6720 ||| Stepping randomly (stuck).
  6721 | D:7      | 6721 ||| Stepping randomly (stuck).
  6722 | D:7      | 6722 ||| Stepping randomly (stuck).
  6723 | D:7      | 6723 ||| Stepping randomly (stuck).
  6724 | D:7      | 6724 ||| Stepping randomly (stuck).
  6725 | D:7      | 6725 ||| Stepping randomly (stuck).
  6726 | D:7      | 6726 ||| Stepping randomly (stuck).
  6727 | D:7      | 6727 ||| Stepping randomly (stuck).
  6728 | D:7      | 6728 ||| Stepping randomly (stuck).
  6729 | D:7      | 6729 ||| Stepping randomly (stuck).
  6730 | D:7      | 6730 ||| Stepping randomly (stuck).
  6731 | D:7      | 6731 ||| Stepping randomly (stuck).
  6732 | D:7      | 6732 ||| Stepping randomly (stuck).
  6733 | D:7      | 6733 ||| Stepping randomly (stuck).
  6734 | D:7      | 6734 ||| Stepping randomly (stuck).
  6735 | D:7      | 6735 ||| Stepping randomly (stuck).
  6736 | D:7      | 6736 ||| Stepping randomly (stuck).
  6737 | D:7      | 6737 ||| Stepping randomly (stuck).
  6738 | D:7      | 6738 ||| Stepping randomly (stuck).
  6740 | D:7      | 6740 ||| Stepping randomly (stuck).
  6741 | D:7      | 6741 ||| Stepping randomly (stuck).
  6742 | D:7      | 6742 ||| Stepping randomly (stuck).
  6743 | D:7      | 6743 ||| Stepping randomly (stuck).
  6744 | D:7      | 6744 ||| Stepping randomly (stuck).
  6745 | D:7      | 6745 ||| Stepping randomly (stuck).
  6746 | D:7      | 6746 ||| Stepping randomly (stuck).
  6747 | D:7      | 6747 ||| Stepping randomly (stuck).
  6748 | D:7      | 6748 ||| Stepping randomly (stuck).
  6749 | D:7      | 6749 ||| Stepping randomly (stuck).
  6750 | D:7      | 6750 ||| Stepping randomly (stuck).
  6751 | D:7      | 6751 ||| Stepping randomly (stuck).
  6752 | D:7      | 6752 ||| Stepping randomly (stuck).
  6753 | D:7      | 6753 ||| Stepping randomly (stuck).
  6754 | D:7      | 6754 ||| Stepping randomly (stuck).
  6755 | D:7      | 6755 ||| Stepping randomly (stuck).
  6756 | D:7      | 6756 ||| Stepping randomly (stuck).
  6757 | D:7      | 6757 ||| Stepping randomly (stuck).
  6758 | D:7      | 6758 ||| Stepping randomly (stuck).
  6759 | D:7      | 6759 ||| Stepping randomly (stuck).
  6760 | D:7      | 6760 ||| Stepping randomly (stuck).
  6761 | D:7      | 6761 ||| Stepping randomly (stuck).
  6763 | D:7      | 6763 ||| Stepping randomly (stuck).
  6764 | D:7      | 6764 ||| Stepping randomly (stuck).
  6765 | D:7      | 6765 ||| Stepping randomly (stuck).
  6766 | D:7      | 6766 ||| Stepping randomly (stuck).
  6767 | D:7      | 6767 ||| Stepping randomly (stuck).
  6768 | D:7      | 6768 ||| Stepping randomly (stuck).
  6769 | D:7      | 6769 ||| Stepping randomly (stuck).
  6770 | D:7      | 6770 ||| Stepping randomly (stuck).
  6772 | D:7      | 6772 ||| Stepping randomly (stuck).
  6773 | D:7      | 6773 ||| Stepping randomly (stuck).
  6774 | D:7      | 6774 ||| Stepping randomly (stuck).
  6775 | D:7      | 6775 ||| Stepping randomly (stuck).
  6776 | D:7      | 6776 ||| Stepping randomly (stuck).
  6778 | D:7      | 6778 ||| Stepping randomly (stuck).
  6779 | D:7      | 6779 ||| Stepping randomly (stuck).
  6780 | D:7      | 6780 ||| Stepping randomly (stuck).
  6781 | D:7      | 6781 ||| Stepping randomly (stuck).
  6782 | D:7      | 6782 ||| Stepping randomly (stuck).
  6783 | D:7      | 6783 ||| Stepping randomly (stuck).
  6784 | D:7      | 6784 ||| Stepping randomly (stuck).
  6785 | D:7      | 6785 ||| Stepping randomly (stuck).
  6786 | D:7      | 6786 ||| Stepping randomly (stuck).
  6787 | D:7      | 6787 ||| Stepping randomly (stuck).
  6788 | D:7      | 6788 ||| Stepping randomly (stuck).
  6789 | D:7      | 6789 ||| Stepping randomly (stuck).
  6790 | D:7      | 6790 ||| Stepping randomly (stuck).
  6791 | D:7      | 6791 ||| Stepping randomly (stuck).
  6792 | D:7      | 6792 ||| Stepping randomly (stuck).
  6793 | D:7      | 6793 ||| Stepping randomly (stuck).
  6794 | D:7      | 6794 ||| Stepping randomly (stuck).
  6795 | D:7      | 6795 ||| Stepping randomly (stuck).
  6796 | D:7      | 6796 ||| Stepping randomly (stuck).
  6797 | D:7      | 6797 ||| Stepping randomly (stuck).
  6798 | D:7      | 6798 ||| Stepping randomly (stuck).
  6799 | D:7      | 6799 ||| Stepping randomly (stuck).
  6800 | D:7      | 6800 ||| Stepping randomly (stuck).
  6801 | D:7      | 6801 ||| Stepping randomly (stuck).
  6802 | D:7      | 6802 ||| Stepping randomly (stuck).
  6803 | D:7      | 6803 ||| Stepping randomly (stuck).
  6804 | D:7      | 6804 ||| Stepping randomly (stuck).
  6805 | D:7      | 6805 ||| Stepping randomly (stuck).
  6806 | D:7      | 6806 ||| Stepping randomly (stuck).
  6807 | D:7      | 6807 ||| Stepping randomly (stuck).
  6808 | D:7      | 6808 ||| Stepping randomly (stuck).
  6809 | D:7      | 6809 ||| Stepping randomly (stuck).
  6810 | D:7      | 6810 ||| Stepping randomly (stuck).
  6812 | D:7      | 6812 ||| Stepping randomly (stuck).
  6813 | D:7      | 6813 ||| Stepping randomly (stuck).
  6815 | D:7      | 6815 ||| Stepping randomly (stuck).
  6816 | D:7      | 6816 ||| Stepping randomly (stuck).
  6817 | D:7      | 6817 ||| Stepping randomly (stuck).
  6818 | D:7      | 6818 ||| Stepping randomly (stuck).
  6819 | D:7      | 6819 ||| Stepping randomly (stuck).
  6820 | D:7      | 6820 ||| Stepping randomly (stuck).
  6821 | D:7      | 6821 ||| Stepping randomly (stuck).
  6822 | D:7      | 6822 ||| Stepping randomly (stuck).
  6823 | D:7      | 6823 ||| Stepping randomly (stuck).
  6824 | D:7      | 6824 ||| Stepping randomly (stuck).
  6825 | D:7      | 6825 ||| Stepping randomly (stuck).
  6826 | D:7      | 6826 ||| Stepping randomly (stuck).
  6827 | D:7      | 6827 ||| Stepping randomly (stuck).
  6828 | D:7      | 6828 ||| Stepping randomly (stuck).
  6829 | D:7      | 6829 ||| Stepping randomly (stuck).
  6830 | D:7      | 6830 ||| Stepping randomly (stuck).
  6831 | D:7      | 6831 ||| Stepping randomly (stuck).
  6832 | D:7      | 6832 ||| Stepping randomly (stuck).
  6833 | D:7      | 6833 ||| Stepping randomly (stuck).
  6834 | D:7      | 6834 ||| Stepping randomly (stuck).
  6835 | D:7      | 6835 ||| Stepping randomly (stuck).
  6836 | D:7      | 6836 ||| Stepping randomly (stuck).
  6837 | D:7      | 6837 ||| Stepping randomly (stuck).
  6838 | D:7      | 6838 ||| Stepping randomly (stuck).
  6839 | D:7      | 6839 ||| Stepping randomly (stuck).
  6840 | D:7      | 6840 ||| Stepping randomly (stuck).
  6841 | D:7      | 6841 ||| Stepping randomly (stuck).
  6842 | D:7      | 6842 ||| Stepping randomly (stuck).
  6843 | D:7      | 6843 ||| Stepping randomly (stuck).
  6844 | D:7      | 6844 ||| Stepping randomly (stuck).
  6845 | D:7      | 6845 ||| Stepping randomly (stuck).
  6846 | D:7      | 6846 ||| Stepping randomly (stuck).
  6847 | D:7      | 6847 ||| Stepping randomly (stuck).
  6848 | D:7      | 6848 ||| Stepping randomly (stuck).
  6849 | D:7      | 6849 ||| Stepping randomly (stuck).
  6850 | D:7      | 6850 ||| Stepping randomly (stuck).
  6851 | D:7      | 6851 ||| Stepping randomly (stuck).
  6852 | D:7      | 6852 ||| Stepping randomly (stuck).
  6853 | D:7      | 6853 ||| Stepping randomly (stuck).
  6854 | D:7      | 6854 ||| Stepping randomly (stuck).
  6855 | D:7      | 6855 ||| Stepping randomly (stuck).
  6856 | D:7      | 6856 ||| Stepping randomly (stuck).
  6857 | D:7      | 6857 ||| Stepping randomly (stuck).
  6861 | D:7      | 6861 ||| Stepping randomly (stuck).
  6863 | D:7      | 6863 ||| Stepping randomly (stuck).
  6864 | D:7      | 6864 ||| Stepping randomly (stuck).
  6865 | D:7      | 6865 ||| Stepping randomly (stuck).
  6866 | D:7      | 6866 ||| Stepping randomly (stuck).
  6867 | D:7      | 6867 ||| Stepping randomly (stuck).
  6868 | D:7      | 6868 ||| Stepping randomly (stuck).
  6869 | D:7      | 6869 ||| Stepping randomly (stuck).
  6870 | D:7      | 6870 ||| Stepping randomly (stuck).
  6871 | D:7      | 6871 ||| Stepping randomly (stuck).
  6872 | D:7      | 6872 ||| Stepping randomly (stuck).
  6873 | D:7      | 6873 ||| Stepping randomly (stuck).
  6874 | D:7      | 6874 ||| Stepping randomly (stuck).
  6875 | D:7      | 6875 ||| Stepping randomly (stuck).
  6876 | D:7      | 6876 ||| Stepping randomly (stuck).
  6877 | D:7      | 6877 ||| Stepping randomly (stuck).
  6878 | D:7      | 6878 ||| Stepping randomly (stuck).
  6879 | D:7      | 6879 ||| Stepping randomly (stuck).
  6880 | D:7      | 6880 ||| Stepping randomly (stuck).
  6881 | D:7      | 6881 ||| Stepping randomly (stuck).
  6882 | D:7      | 6882 ||| Stepping randomly (stuck).
  6883 | D:7      | 6883 ||| Stepping randomly (stuck).
  6884 | D:7      | 6884 ||| Stepping randomly (stuck).
  6885 | D:7      | 6885 ||| Stepping randomly (stuck).
  6886 | D:7      | 6886 ||| Stepping randomly (stuck).
  6887 | D:7      | 6887 ||| Stepping randomly (stuck).
  6888 | D:7      | 6888 ||| Stepping randomly (stuck).
  6890 | D:7      | 6890 ||| Stepping randomly (stuck).
  6892 | D:7      | 6892 ||| Stepping randomly (stuck).
  6893 | D:7      | 6893 ||| Stepping randomly (stuck).
  6895 | D:7      | 6895 ||| Stepping randomly (stuck).
  6896 | D:7      | 6896 ||| Stepping randomly (stuck).
  6897 | D:7      | 6897 ||| Stepping randomly (stuck).
  6898 | D:7      | 6898 ||| Stepping randomly (stuck).
  6899 | D:7      | 6899 ||| Stepping randomly (stuck).
  6900 | D:7      | 6900 ||| Stepping randomly (stuck).
  6901 | D:7      | 6901 ||| Stepping randomly (stuck).
  6902 | D:7      | 6902 ||| Stepping randomly (stuck).
  6903 | D:7      | 6903 ||| Stepping randomly (stuck).
  6904 | D:7      | 6904 ||| Stepping randomly (stuck).
  6905 | D:7      | 6905 ||| Stepping randomly (stuck).
  6906 | D:7      | 6906 ||| Stepping randomly (stuck).
  6907 | D:7      | 6907 ||| Stepping randomly (stuck).
  6908 | D:7      | 6908 ||| Stepping randomly (stuck).
  6909 | D:7      | 6909 ||| Stepping randomly (stuck).
  6910 | D:7      | 6910 ||| Stepping randomly (stuck).
  6911 | D:7      | 6911 ||| Stepping randomly (stuck).
  6912 | D:7      | 6912 ||| Stepping randomly (stuck).
  6913 | D:7      | 6913 ||| Stepping randomly (stuck).
  6914 | D:7      | 6914 ||| Stepping randomly (stuck).
  6915 | D:7      | 6915 ||| Stepping randomly (stuck).
  6916 | D:7      | 6916 ||| Stepping randomly (stuck).
  6917 | D:7      | 6917 ||| Stepping randomly (stuck).
  6918 | D:7      | 6918 ||| Stepping randomly (stuck).
  6919 | D:7      | 6919 ||| Stepping randomly (stuck).
  6920 | D:7      | 6920 ||| Stepping randomly (stuck).
  6921 | D:7      | 6921 ||| Stepping randomly (stuck).
  6922 | D:7      | 6922 ||| Stepping randomly (stuck).
  6923 | D:7      | 6923 ||| Stepping randomly (stuck).
  6924 | D:7      | 6924 ||| Stepping randomly (stuck).
  6925 | D:7      | 6925 ||| Stepping randomly (stuck).
  6926 | D:7      | 6926 ||| Stepping randomly (stuck).
  6927 | D:7      | 6927 ||| Stepping randomly (stuck).
  6928 | D:7      | 6928 ||| Stepping randomly (stuck).
  6929 | D:7      | 6929 ||| Stepping randomly (stuck).
  6930 | D:7      | 6930 ||| Stepping randomly (stuck).
  6931 | D:7      | 6931 ||| Stepping randomly (stuck).
  6932 | D:7      | 6932 ||| Stepping randomly (stuck).
  6933 | D:7      | 6933 ||| Stepping randomly (stuck).
  6934 | D:7      | 6934 ||| Stepping randomly (stuck).
  6935 | D:7      | 6935 ||| Stepping randomly (stuck).
  6936 | D:7      | 6936 ||| Stepping randomly (stuck).
  6937 | D:7      | 6937 ||| Stepping randomly (stuck).
  6938 | D:7      | 6938 ||| Stepping randomly (stuck).
  6939 | D:7      | 6939 ||| Stepping randomly (stuck).
  6940 | D:7      | 6940 ||| Stepping randomly (stuck).
  6941 | D:7      | 6941 ||| Stepping randomly (stuck).
  6942 | D:7      | 6942 ||| Stepping randomly (stuck).
  6943 | D:7      | 6943 ||| Stepping randomly (stuck).
  6944 | D:7      | 6944 ||| Stepping randomly (stuck).
  6945 | D:7      | 6945 ||| Stepping randomly (stuck).
  6946 | D:7      | 6946 ||| Stepping randomly (stuck).
  6947 | D:7      | 6947 ||| Stepping randomly (stuck).
  6948 | D:7      | 6948 ||| Stepping randomly (stuck).
  6949 | D:7      | 6949 ||| Stepping randomly (stuck).
  6950 | D:7      | 6950 ||| Stepping randomly (stuck).
  6951 | D:7      | 6951 ||| Stepping randomly (stuck).
  6952 | D:7      | 6952 ||| Stepping randomly (stuck).
  6953 | D:7      | 6953 ||| Stepping randomly (stuck).
  6954 | D:7      | 6954 ||| Stepping randomly (stuck).
  6955 | D:7      | 6955 ||| Stepping randomly (stuck).
  6956 | D:7      | 6956 ||| Stepping randomly (stuck).
  6957 | D:7      | 6957 ||| Stepping randomly (stuck).
  6958 | D:7      | 6958 ||| Stepping randomly (stuck).
  6959 | D:7      | 6959 ||| Stepping randomly (stuck).
  6960 | D:7      | 6960 ||| Stepping randomly (stuck).
  6961 | D:7      | 6961 ||| Stepping randomly (stuck).
  6962 | D:7      | 6962 ||| Stepping randomly (stuck).
  6963 | D:7      | 6963 ||| Stepping randomly (stuck).
  6964 | D:7      | 6964 ||| Stepping randomly (stuck).
  6965 | D:7      | 6965 ||| Stepping randomly (stuck).
  6966 | D:7      | 6966 ||| Stepping randomly (stuck).
  6967 | D:7      | 6967 ||| Stepping randomly (stuck).
  6968 | D:7      | 6968 ||| Stepping randomly (stuck).
  6969 | D:7      | 6969 ||| Stepping randomly (stuck).
  6970 | D:7      | 6970 ||| Stepping randomly (stuck).
  6971 | D:7      | 6971 ||| Stepping randomly (stuck).
  6972 | D:7      | 6972 ||| Stepping randomly (stuck).
  6973 | D:7      | 6973 ||| Stepping randomly (stuck).
  6974 | D:7      | 6974 ||| Stepping randomly (stuck).
  6975 | D:7      | 6975 ||| Stepping randomly (stuck).
  6976 | D:7      | 6976 ||| Stepping randomly (stuck).
  6977 | D:7      | 6977 ||| Stepping randomly (stuck).
  6978 | D:7      | 6978 ||| Stepping randomly (stuck).
  6979 | D:7      | 6979 ||| Stepping randomly (stuck).
  6980 | D:7      | 6980 ||| Stepping randomly (stuck).
  6981 | D:7      | 6981 ||| Stepping randomly (stuck).
  6982 | D:7      | 6982 ||| Stepping randomly (stuck).
  6983 | D:7      | 6983 ||| Stepping randomly (stuck).
  6984 | D:7      | 6984 ||| Stepping randomly (stuck).
  6985 | D:7      | 6985 ||| Stepping randomly (stuck).
  6986 | D:7      | 6986 ||| Stepping randomly (stuck).
  6987 | D:7      | 6987 ||| Stepping randomly (stuck).
  6988 | D:7      | 6988 ||| Stepping randomly (stuck).
  6989 | D:7      | 6989 ||| Stepping randomly (stuck).
  6990 | D:7      | 6990 ||| Stepping randomly (stuck).
  6991 | D:7      | 6991 ||| Stepping randomly (stuck).
  6992 | D:7      | 6992 ||| Stepping randomly (stuck).
  6993 | D:7      | 6993 ||| Stepping randomly (stuck).
  6994 | D:7      | 6994 ||| Stepping randomly (stuck).
  6995 | D:7      | 6995 ||| Stepping randomly (stuck).
  6996 | D:7      | 6996 ||| Stepping randomly (stuck).
  6997 | D:7      | 6997 ||| Stepping randomly (stuck).
  6998 | D:7      | 6998 ||| Stepping randomly (stuck).
  6999 | D:7      | 6999 ||| Stepping randomly (stuck).
  7000 | D:7      | 7000 ||| Stepping randomly (stuck).
  7001 | D:7      | 7001 ||| Stepping randomly (stuck).
  7002 | D:7      | 7002 ||| Stepping randomly (stuck).
  7003 | D:7      | 7003 ||| Stepping randomly (stuck).
  7004 | D:7      | 7004 ||| Stepping randomly (stuck).
  7005 | D:7      | 7005 ||| Stepping randomly (stuck).
  7006 | D:7      | 7006 ||| Stepping randomly (stuck).
  7007 | D:7      | 7007 ||| Stepping randomly (stuck).
  7008 | D:7      | 7008 ||| Stepping randomly (stuck).
  7009 | D:7      | 7009 ||| Stepping randomly (stuck).
  7010 | D:7      | 7010 ||| Stepping randomly (stuck).
  7011 | D:7      | 7011 ||| Stepping randomly (stuck).
  7012 | D:7      | 7012 ||| Stepping randomly (stuck).
  7013 | D:7      | 7013 ||| Stepping randomly (stuck).
  7014 | D:7      | 7014 ||| Stepping randomly (stuck).
  7015 | D:7      | 7015 ||| Stepping randomly (stuck).
  7016 | D:7      | 7016 ||| Stepping randomly (stuck).
  7017 | D:7      | 7017 ||| Stepping randomly (stuck).
  7018 | D:7      | 7018 ||| Stepping randomly (stuck).
  7019 | D:7      | 7019 ||| Stepping randomly (stuck).
  7020 | D:7      | 7020 ||| Stepping randomly (stuck).
  7021 | D:7      | 7021 ||| Stepping randomly (stuck).
  7022 | D:7      | 7022 ||| Stepping randomly (stuck).
  7023 | D:7      | 7023 ||| Stepping randomly (stuck).
  7024 | D:7      | 7024 ||| Stepping randomly (stuck).
  7025 | D:7      | 7025 ||| Stepping randomly (stuck).
  7026 | D:7      | 7026 ||| Stepping randomly (stuck).
  7027 | D:7      | 7027 ||| Stepping randomly (stuck).
  7028 | D:7      | 7028 ||| Stepping randomly (stuck).
  7029 | D:7      | 7029 ||| Stepping randomly (stuck).
  7030 | D:7      | 7030 ||| Stepping randomly (stuck).
  7031 | D:7      | 7031 ||| Stepping randomly (stuck).
  7032 | D:7      | 7032 ||| Stepping randomly (stuck).
  7033 | D:7      | 7033 ||| Stepping randomly (stuck).
  7034 | D:7      | 7034 ||| Stepping randomly (stuck).
  7037 | D:7      | 7037 ||| Stepping randomly (stuck).
  7038 | D:7      | 7038 ||| Stepping randomly (stuck).
  7039 | D:7      | 7039 ||| Stepping randomly (stuck).
  7040 | D:7      | 7040 ||| Stepping randomly (stuck).
  7041 | D:7      | 7041 ||| Stepping randomly (stuck).
  7042 | D:7      | 7042 ||| Stepping randomly (stuck).
  7043 | D:7      | 7043 ||| Stepping randomly (stuck).
  7044 | D:7      | 7044 ||| Stepping randomly (stuck).
  7045 | D:7      | 7045 ||| Stepping randomly (stuck).
  7046 | D:7      | 7046 ||| Stepping randomly (stuck).
  7047 | D:7      | 7047 ||| Stepping randomly (stuck).
  7048 | D:7      | 7048 ||| Stepping randomly (stuck).
  7049 | D:7      | 7049 ||| Stepping randomly (stuck).
  7050 | D:7      | 7050 ||| Stepping randomly (stuck).
  7051 | D:7      | 7051 ||| Stepping randomly (stuck).
  7052 | D:7      | 7052 ||| Stepping randomly (stuck).
  7053 | D:7      | 7053 ||| Stepping randomly (stuck).
  7054 | D:7      | 7054 ||| Stepping randomly (stuck).
  7055 | D:7      | 7055 ||| Stepping randomly (stuck).
  7056 | D:7      | 7056 ||| Stepping randomly (stuck).
  7057 | D:7      | 7057 ||| Stepping randomly (stuck).
  7058 | D:7      | 7058 ||| Stepping randomly (stuck).
  7059 | D:7      | 7059 ||| Stepping randomly (stuck).
  7060 | D:7      | 7060 ||| Stepping randomly (stuck).
  7061 | D:7      | 7061 ||| Stepping randomly (stuck).
  7062 | D:7      | 7062 ||| Stepping randomly (stuck).
  7063 | D:7      | 7063 ||| Stepping randomly (stuck).
  7064 | D:7      | 7064 ||| Stepping randomly (stuck).
  7065 | D:7      | 7065 ||| Stepping randomly (stuck).
  7066 | D:7      | 7066 ||| Stepping randomly (stuck).
  7068 | D:7      | 7068 ||| Stepping randomly (stuck).
  7069 | D:7      | 7069 ||| Stepping randomly (stuck).
  7070 | D:7      | 7070 ||| Stepping randomly (stuck).
  7072 | D:7      | 7072 ||| Stepping randomly (stuck).
  7073 | D:7      | 7073 ||| Stepping randomly (stuck).
  7074 | D:7      | 7074 ||| Stepping randomly (stuck).
  7075 | D:7      | 7075 ||| Stepping randomly (stuck).
  7076 | D:7      | 7076 ||| Stepping randomly (stuck).
  7077 | D:7      | 7077 ||| Stepping randomly (stuck).
  7078 | D:7      | 7078 ||| Stepping randomly (stuck).
  7079 | D:7      | 7079 ||| Stepping randomly (stuck).
  7080 | D:7      | 7080 ||| Stepping randomly (stuck).
  7081 | D:7      | 7081 ||| Stepping randomly (stuck).
  7082 | D:7      | 7082 ||| Stepping randomly (stuck).
  7083 | D:7      | 7083 ||| Stepping randomly (stuck).
  7084 | D:7      | 7084 ||| Stepping randomly (stuck).
  7085 | D:7      | 7085 ||| Stepping randomly (stuck).
  7086 | D:7      | 7086 ||| Stepping randomly (stuck).
  7087 | D:7      | 7087 ||| Stepping randomly (stuck).
  7088 | D:7      | 7088 ||| Stepping randomly (stuck).
  7089 | D:7      | 7089 ||| Stepping randomly (stuck).
  7090 | D:7      | 7090 ||| Stepping randomly (stuck).
  7092 | D:7      | 7092 ||| Stepping randomly (stuck).
  7094 | D:7      | 7094 ||| Stepping randomly (stuck).
  7095 | D:7      | 7095 ||| Stepping randomly (stuck).
  7096 | D:7      | 7096 ||| Stepping randomly (stuck).
  7097 | D:7      | 7097 ||| Stepping randomly (stuck).
  7098 | D:7      | 7098 ||| Stepping randomly (stuck).
  7099 | D:7      | 7099 ||| Stepping randomly (stuck).
  7100 | D:7      | 7100 ||| Stepping randomly (stuck).
  7101 | D:7      | 7101 ||| Stepping randomly (stuck).
  7102 | D:7      | 7102 ||| Stepping randomly (stuck).
  7103 | D:7      | 7103 ||| Stepping randomly (stuck).
  7104 | D:7      | 7104 ||| Stepping randomly (stuck).
  7105 | D:7      | 7105 ||| Stepping randomly (stuck).
  7106 | D:7      | 7106 ||| Stepping randomly (stuck).
  7107 | D:7      | 7107 ||| Stepping randomly (stuck).
  7108 | D:7      | 7108 ||| Stepping randomly (stuck).
  7109 | D:7      | 7109 ||| Stepping randomly (stuck).
  7110 | D:7      | 7110 ||| Stepping randomly (stuck).
  7111 | D:7      | 7111 ||| Stepping randomly (stuck).
  7112 | D:7      | 7112 ||| Stepping randomly (stuck).
  7114 | D:7      | 7114 ||| Stepping randomly (stuck).
  7115 | D:7      | 7115 ||| Stepping randomly (stuck).
  7116 | D:7      | 7116 ||| Stepping randomly (stuck).
  7117 | D:7      | 7117 ||| Stepping randomly (stuck).
  7118 | D:7      | 7118 ||| Stepping randomly (stuck).
  7119 | D:7      | 7119 ||| Stepping randomly (stuck).
  7120 | D:7      | 7120 ||| Stepping randomly (stuck).
  7121 | D:7      | 7121 ||| Stepping randomly (stuck).
  7122 | D:7      | 7122 ||| Stepping randomly (stuck).
  7123 | D:7      | 7123 ||| Stepping randomly (stuck).
  7125 | D:7      | 7125 ||| Stepping randomly (stuck).
  7127 | D:7      | 7127 ||| Stepping randomly (stuck).
  7128 | D:7      | 7128 ||| Stepping randomly (stuck).
  7129 | D:7      | 7129 ||| Stepping randomly (stuck).
  7130 | D:7      | 7130 ||| Stepping randomly (stuck).
  7132 | D:7      | 7132 ||| Stepping randomly (stuck).
  7133 | D:7      | 7133 ||| Stepping randomly (stuck).
  7134 | D:7      | 7134 ||| Stepping randomly (stuck).
  7135 | D:7      | 7135 ||| Stepping randomly (stuck).
  7136 | D:7      | 7136 ||| Stepping randomly (stuck).
  7137 | D:7      | 7137 ||| Stepping randomly (stuck).
  7138 | D:7      | 7138 ||| Stepping randomly (stuck).
  7139 | D:7      | 7139 ||| Stepping randomly (stuck).
  7140 | D:7      | 7140 ||| Stepping randomly (stuck).
  7142 | D:7      | 7142 ||| Stepping randomly (stuck).
  7143 | D:7      | 7143 ||| Stepping randomly (stuck).
  7144 | D:7      | 7144 ||| Stepping randomly (stuck).
  7145 | D:7      | 7145 ||| Stepping randomly (stuck).
  7146 | D:7      | 7146 ||| Stepping randomly (stuck).
  7147 | D:7      | 7147 ||| Stepping randomly (stuck).
  7148 | D:7      | 7148 ||| Stepping randomly (stuck).
  7149 | D:7      | 7149 ||| Stepping randomly (stuck).
  7150 | D:7      | 7150 ||| Stepping randomly (stuck).
  7151 | D:7      | 7151 ||| Stepping randomly (stuck).
  7153 | D:7      | 7153 ||| Stepping randomly (stuck).
  7154 | D:7      | 7154 ||| Stepping randomly (stuck).
  7155 | D:7      | 7155 ||| Stepping randomly (stuck).
  7157 | D:7      | 7157 ||| Stepping randomly (stuck).
  7158 | D:7      | 7158 ||| Stepping randomly (stuck).
  7159 | D:7      | 7159 ||| Stepping randomly (stuck).
  7160 | D:7      | 7160 ||| Stepping randomly (stuck).
  7161 | D:7      | 7161 ||| Stepping randomly (stuck).
  7162 | D:7      | 7162 ||| Stepping randomly (stuck).
  7163 | D:7      | 7163 ||| Stepping randomly (stuck).
  7164 | D:7      | 7164 ||| Stepping randomly (stuck).
  7165 | D:7      | 7165 ||| Stepping randomly (stuck).
  7166 | D:7      | 7166 ||| Stepping randomly (stuck).
  7167 | D:7      | 7167 ||| Stepping randomly (stuck).
  7168 | D:7      | 7168 ||| Stepping randomly (stuck).
  7169 | D:7      | 7169 ||| Stepping randomly (stuck).
  7170 | D:7      | 7170 ||| Stepping randomly (stuck).
  7171 | D:7      | 7171 ||| Stepping randomly (stuck).
  7172 | D:7      | 7172 ||| Stepping randomly (stuck).
  7173 | D:7      | 7173 ||| Stepping randomly (stuck).
  7174 | D:7      | 7174 ||| Stepping randomly (stuck).
  7175 | D:7      | 7175 ||| Stepping randomly (stuck).
  7176 | D:7      | 7176 ||| Stepping randomly (stuck).
  7177 | D:7      | 7177 ||| Stepping randomly (stuck).
  7178 | D:7      | 7178 ||| Stepping randomly (stuck).
  7179 | D:7      | 7179 ||| Stepping randomly (stuck).
  7180 | D:7      | 7180 ||| Stepping randomly (stuck).
  7181 | D:7      | 7181 ||| Stepping randomly (stuck).
  7182 | D:7      | 7182 ||| Stepping randomly (stuck).
  7183 | D:7      | 7183 ||| Stepping randomly (stuck).
  7184 | D:7      | 7184 ||| Stepping randomly (stuck).
  7185 | D:7      | 7185 ||| Stepping randomly (stuck).
  7186 | D:7      | 7186 ||| Stepping randomly (stuck).
  7188 | D:7      | 7188 ||| Stepping randomly (stuck).
  7189 | D:7      | 7189 ||| Stepping randomly (stuck).
  7191 | D:7      | 7191 ||| Stepping randomly (stuck).
  7192 | D:7      | 7192 ||| Stepping randomly (stuck).
  7193 | D:7      | 7193 ||| Stepping randomly (stuck).
  7194 | D:7      | 7194 ||| Stepping randomly (stuck).
  7195 | D:7      | 7195 ||| Stepping randomly (stuck).
  7196 | D:7      | 7196 ||| Stepping randomly (stuck).
  7197 | D:7      | 7197 ||| Stepping randomly (stuck).
  7198 | D:7      | 7198 ||| Stepping randomly (stuck).
  7199 | D:7      | 7199 ||| Stepping randomly (stuck).
  7201 | D:7      | 7201 ||| Stepping randomly (stuck).
  7202 | D:7      | 7202 ||| Stepping randomly (stuck).
  7203 | D:7      | 7203 ||| Stepping randomly (stuck).
  7204 | D:7      | 7204 ||| Stepping randomly (stuck).
  7205 | D:7      | 7205 ||| Stepping randomly (stuck).
  7206 | D:7      | 7206 ||| Stepping randomly (stuck).
  7207 | D:7      | 7207 ||| Stepping randomly (stuck).
  7208 | D:7      | 7208 ||| Stepping randomly (stuck).
  7210 | D:7      | 7210 ||| Stepping randomly (stuck).
  7211 | D:7      | 7211 ||| Stepping randomly (stuck).
  7212 | D:7      | 7212 ||| Stepping randomly (stuck).
  7213 | D:7      | 7213 ||| Stepping randomly (stuck).
  7214 | D:7      | 7214 ||| Stepping randomly (stuck).
  7215 | D:7      | 7215 ||| Stepping randomly (stuck).
  7216 | D:7      | 7216 ||| Stepping randomly (stuck).
  7217 | D:7      | 7217 ||| Stepping randomly (stuck).
  7218 | D:7      | 7218 ||| Stepping randomly (stuck).
  7219 | D:7      | 7219 ||| Stepping randomly (stuck).
  7220 | D:7      | 7220 ||| Stepping randomly (stuck).
  7221 | D:7      | 7221 ||| Stepping randomly (stuck).
  7222 | D:7      | 7222 ||| Stepping randomly (stuck).
  7223 | D:7      | 7223 ||| Stepping randomly (stuck).
  7224 | D:7      | 7224 ||| Stepping randomly (stuck).
  7225 | D:7      | 7225 ||| Stepping randomly (stuck).
  7226 | D:7      | 7226 ||| Stepping randomly (stuck).
  7227 | D:7      | 7227 ||| Stepping randomly (stuck).
  7228 | D:7      | 7228 ||| Stepping randomly (stuck).
  7229 | D:7      | 7229 ||| Stepping randomly (stuck).
  7230 | D:7      | 7230 ||| Stepping randomly (stuck).
  7231 | D:7      | 7231 ||| Stepping randomly (stuck).
  7232 | D:7      | 7232 ||| Stepping randomly (stuck).
  7233 | D:7      | 7233 ||| Stepping randomly (stuck).
  7234 | D:7      | 7234 ||| Stepping randomly (stuck).
  7235 | D:7      | 7235 ||| Stepping randomly (stuck).
  7236 | D:7      | 7236 ||| Stepping randomly (stuck).
  7237 | D:7      | 7237 ||| Stepping randomly (stuck).
  7238 | D:7      | 7238 ||| Stepping randomly (stuck).
  7239 | D:7      | 7239 ||| Stepping randomly (stuck).
  7240 | D:7      | 7240 ||| Stepping randomly (stuck).
  7241 | D:7      | 7241 ||| Stepping randomly (stuck).
  7242 | D:7      | 7242 ||| Stepping randomly (stuck).
  7243 | D:7      | 7243 ||| Stepping randomly (stuck).
  7244 | D:7      | 7244 ||| Stepping randomly (stuck).
  7245 | D:7      | 7245 ||| Stepping randomly (stuck).
  7246 | D:7      | 7246 ||| Stepping randomly (stuck).
  7247 | D:7      | 7247 ||| Stepping randomly (stuck).
  7248 | D:7      | 7248 ||| Stepping randomly (stuck).
  7249 | D:7      | 7249 ||| Stepping randomly (stuck).
  7250 | D:7      | 7250 ||| Stepping randomly (stuck).
  7251 | D:7      | 7251 ||| Stepping randomly (stuck).
  7252 | D:7      | 7252 ||| Stepping randomly (stuck).
  7254 | D:7      | 7254 ||| Stepping randomly (stuck).
  7255 | D:7      | 7255 ||| Stepping randomly (stuck).
  7256 | D:7      | 7256 ||| Stepping randomly (stuck).
  7257 | D:7      | 7257 ||| Stepping randomly (stuck).
  7259 | D:7      | 7259 ||| Stepping randomly (stuck).
  7261 | D:7      | 7261 ||| Stepping randomly (stuck).
  7262 | D:7      | 7262 ||| Stepping randomly (stuck).
  7266 | D:7      | 7266 ||| Stepping randomly (stuck).
  7267 | D:7      | 7267 ||| Stepping randomly (stuck).
  7269 | D:7      | 7269 ||| Stepping randomly (stuck).
  7325 | D:7      | 7325 ||| Stepping randomly (stuck).
  7327 | D:7      | 7327 ||| Stepping randomly (stuck).
  7328 | D:7      | 7328 ||| Stepping randomly (stuck).
  7329 | D:7      | 7329 ||| Stepping randomly (stuck).
  7330 | D:7      | 7330 ||| Stepping randomly (stuck).
  7331 | D:7      | 7331 ||| Stepping randomly (stuck).
  7332 | D:7      | 7332 ||| Stepping randomly (stuck).
  7333 | D:7      | 7333 ||| Stepping randomly (stuck).
  7334 | D:7      | 7334 ||| Stepping randomly (stuck).
  7336 | D:7      | 7336 ||| Stepping randomly (stuck).
  7337 | D:7      | 7337 ||| Stepping randomly (stuck).
  7338 | D:7      | 7338 ||| Stepping randomly (stuck).
  7339 | D:7      | 7339 ||| Stepping randomly (stuck).
  7340 | D:7      | 7340 ||| Stepping randomly (stuck).
  7341 | D:7      | 7341 ||| Stepping randomly (stuck).
  7343 | D:7      | 7343 ||| Stepping randomly (stuck).
  7345 | D:7      | 7345 ||| Stepping randomly (stuck).
  7346 | D:7      | 7346 ||| Stepping randomly (stuck).
  7347 | D:7      | 7347 ||| Stepping randomly (stuck).
  7349 | D:7      | 7349 ||| Stepping randomly (stuck).
  7350 | D:7      | 7350 ||| Stepping randomly (stuck).
  7351 | D:7      | 7351 ||| Stepping randomly (stuck).
  7353 | D:7      | 7353 ||| Stepping randomly (stuck).
  7354 | D:7      | 7354 ||| Stepping randomly (stuck).
  7355 | D:7      | 7355 ||| Stepping randomly (stuck).
  7357 | D:7      | 7357 ||| Stepping randomly (stuck).
  7358 | D:7      | 7358 ||| Stepping randomly (stuck).
  7359 | D:7      | 7359 ||| Stepping randomly (stuck).
  7360 | D:7      | 7360 ||| Stepping randomly (stuck).
  7361 | D:7      | 7361 ||| Stepping randomly (stuck).
  7362 | D:7      | 7362 ||| Stepping randomly (stuck).
  7363 | D:7      | 7363 ||| Stepping randomly (stuck).
  7364 | D:7      | 7364 ||| Stepping randomly (stuck).
  7366 | D:7      | 7366 ||| Stepping randomly (stuck).
  7367 | D:7      | 7367 ||| Stepping randomly (stuck).
  7368 | D:7      | 7368 ||| Stepping randomly (stuck).
  7369 | D:7      | 7369 ||| Stepping randomly (stuck).
  7370 | D:7      | 7370 ||| Stepping randomly (stuck).
  7371 | D:7      | 7371 ||| Stepping randomly (stuck).
  7372 | D:7      | 7372 ||| Stepping randomly (stuck).
  7373 | D:7      | 7373 ||| Stepping randomly (stuck).
  7374 | D:7      | 7374 ||| Stepping randomly (stuck).
  7376 | D:7      | 7376 ||| Stepping randomly (stuck).
  7378 | D:7      | 7378 ||| Stepping randomly (stuck).
  7380 | D:7      | 7380 ||| Stepping randomly (stuck).
  7381 | D:7      | 7381 ||| Stepping randomly (stuck).
  7383 | D:7      | 7383 ||| Stepping randomly (stuck).
  7384 | D:7      | 7384 ||| Stepping randomly (stuck).
  7385 | D:7      | 7385 ||| Stepping randomly (stuck).
  7387 | D:7      | 7387 ||| Stepping randomly (stuck).
  7388 | D:7      | 7388 ||| Stepping randomly (stuck).
  7389 | D:7      | 7389 ||| Stepping randomly (stuck).
  7390 | D:7      | 7390 ||| Stepping randomly (stuck).
  7391 | D:7      | 7391 ||| Stepping randomly (stuck).
  7392 | D:7      | 7392 ||| Stepping randomly (stuck).
  7393 | D:7      | 7393 ||| Stepping randomly (stuck).
  7394 | D:7      | 7394 ||| Stepping randomly (stuck).
  7396 | D:7      | 7396 ||| Stepping randomly (stuck).
  7397 | D:7      | 7397 ||| Stepping randomly (stuck).
  7398 | D:7      | 7398 ||| Stepping randomly (stuck).
  7399 | D:7      | 7399 ||| Stepping randomly (stuck).
  7401 | D:7      | 7401 ||| Stepping randomly (stuck).
  7403 | D:7      | 7403 ||| Stepping randomly (stuck).
  7405 | D:7      | 7405 ||| Stepping randomly (stuck).
  7407 | D:7      | 7407 ||| Stepping randomly (stuck).
  7408 | D:7      | 7408 ||| Stepping randomly (stuck).
  7409 | D:7      | 7409 ||| Stepping randomly (stuck).
  7410 | D:7      | 7410 ||| Stepping randomly (stuck).
  7411 | D:7      | 7411 ||| Stepping randomly (stuck).
  7413 | D:7      | 7413 ||| Stepping randomly (stuck).
  7414 | D:7      | 7414 ||| Stepping randomly (stuck).
  7415 | D:7      | 7415 ||| Stepping randomly (stuck).
  7417 | D:7      | 7417 ||| Stepping randomly (stuck).
  7419 | D:7      | 7419 ||| Stepping randomly (stuck).
  7420 | D:7      | 7420 ||| Stepping randomly (stuck).
  7422 | D:7      | 7422 ||| Stepping randomly (stuck).
  7424 | D:7      | 7424 ||| Stepping randomly (stuck).
  7425 | D:7      | 7425 ||| Stepping randomly (stuck).
  7427 | D:7      | 7427 ||| Stepping randomly (stuck).
  7429 | D:7      | 7429 ||| Stepping randomly (stuck).
  7431 | D:7      | 7431 ||| Stepping randomly (stuck).
  7433 | D:7      | 7433 ||| Stepping randomly (stuck).
  7434 | D:7      | 7434 ||| Stepping randomly (stuck).
  7436 | D:7      | 7436 ||| Stepping randomly (stuck).
  7438 | D:7      | 7438 ||| Stepping randomly (stuck).
  7440 | D:7      | 7440 ||| Stepping randomly (stuck).
  7441 | D:7      | 7441 ||| Stepping randomly (stuck).
  7443 | D:7      | 7443 ||| Stepping randomly (stuck).
  7444 | D:7      | 7444 ||| Stepping randomly (stuck).
  7446 | D:7      | 7446 ||| Stepping randomly (stuck).
  7447 | D:7      | 7447 ||| Stepping randomly (stuck).
  7448 | D:7      | 7448 ||| Stepping randomly (stuck).
  7450 | D:7      | 7450 ||| Stepping randomly (stuck).
  7452 | D:7      | 7452 ||| Stepping randomly (stuck).
  7453 | D:7      | 7453 ||| Stepping randomly (stuck).
  7454 | D:7      | 7454 ||| Stepping randomly (stuck).
  7456 | D:7      | 7456 ||| Stepping randomly (stuck).
  7458 | D:7      | 7458 ||| Stepping randomly (stuck).
  7460 | D:7      | 7460 ||| Stepping randomly (stuck).
  7461 | D:7      | 7461 ||| Stepping randomly (stuck).
  7463 | D:7      | 7463 ||| Stepping randomly (stuck).
  7464 | D:7      | 7464 ||| Stepping randomly (stuck).
  7466 | D:7      | 7466 ||| Stepping randomly (stuck).
  7468 | D:7      | 7468 ||| Stepping randomly (stuck).
  7470 | D:7      | 7470 ||| Stepping randomly (stuck).
  7472 | D:7      | 7472 ||| Stepping randomly (stuck).
  7473 | D:7      | 7473 ||| Stepping randomly (stuck).
  7474 | D:7      | 7474 ||| Stepping randomly (stuck).
  7475 | D:7      | 7475 ||| Stepping randomly (stuck).
  7477 | D:7      | 7477 ||| Stepping randomly (stuck).
  7478 | D:7      | 7478 ||| Stepping randomly (stuck).
  7479 | D:7      | 7479 ||| Stepping randomly (stuck).
  7481 | D:7      | 7481 ||| Stepping randomly (stuck).
  7483 | D:7      | 7483 ||| Stepping randomly (stuck).
  7484 | D:7      | 7484 ||| Stepping randomly (stuck).
  7485 | D:7      | 7485 ||| Stepping randomly (stuck).
  7487 | D:7      | 7487 ||| Stepping randomly (stuck).
  7489 | D:7      | 7489 ||| Stepping randomly (stuck).
  7490 | D:7      | 7490 ||| Stepping randomly (stuck).
  7492 | D:7      | 7492 ||| Stepping randomly (stuck).
  7494 | D:7      | 7494 ||| Stepping randomly (stuck).
  7495 | D:7      | 7495 ||| Stepping randomly (stuck).
  7496 | D:7      | 7496 ||| Stepping randomly (stuck).
  7498 | D:7      | 7498 ||| Stepping randomly (stuck).
  7499 | D:7      | 7499 ||| Stepping randomly (stuck).
  7501 | D:7      | 7501 ||| Stepping randomly (stuck).
  7503 | D:7      | 7503 ||| Stepping randomly (stuck).
  7505 | D:7      | 7505 ||| Stepping randomly (stuck).
  7506 | D:7      | 7506 ||| Stepping randomly (stuck).
  7507 | D:7      | 7507 ||| Stepping randomly (stuck).
  7508 | D:7      | 7508 ||| Stepping randomly (stuck).
  7510 | D:7      | 7510 ||| Stepping randomly (stuck).
  7511 | D:7      | 7511 ||| Stepping randomly (stuck).
  7512 | D:7      | 7512 ||| Stepping randomly (stuck).
  7513 | D:7      | 7513 ||| Stepping randomly (stuck).
  7514 | D:7      | 7514 ||| Stepping randomly (stuck).
  7515 | D:7      | 7515 ||| Stepping randomly (stuck).
  7517 | D:7      | 7517 ||| Stepping randomly (stuck).
  7518 | D:7      | 7518 ||| Stepping randomly (stuck).
  7520 | D:7      | 7520 ||| Stepping randomly (stuck).
  7521 | D:7      | 7521 ||| Stepping randomly (stuck).
  7522 | D:7      | 7522 ||| Stepping randomly (stuck).
  7523 | D:7      | 7523 ||| Stepping randomly (stuck).
  7525 | D:7      | 7525 ||| Stepping randomly (stuck).
  7526 | D:7      | 7526 ||| Stepping randomly (stuck).
  7528 | D:7      | 7528 ||| Stepping randomly (stuck).
  7530 | D:7      | 7530 ||| Stepping randomly (stuck).
  7531 | D:7      | 7531 ||| Stepping randomly (stuck).
  7533 | D:7      | 7533 ||| Stepping randomly (stuck).
  7535 | D:7      | 7535 ||| Stepping randomly (stuck).
  7537 | D:7      | 7537 ||| Stepping randomly (stuck).
  7538 | D:7      | 7538 ||| Stepping randomly (stuck).
  7540 | D:7      | 7540 ||| Stepping randomly (stuck).
  7541 | D:7      | 7541 ||| Stepping randomly (stuck).
  7542 | D:7      | 7542 ||| Stepping randomly (stuck).
  7544 | D:7      | 7544 ||| Stepping randomly (stuck).
  7545 | D:7      | 7545 ||| Stepping randomly (stuck).
  7546 | D:7      | 7546 ||| Stepping randomly (stuck).
  7547 | D:7      | 7547 ||| Stepping randomly (stuck).
  7548 | D:7      | 7548 ||| Stepping randomly (stuck).
  7549 | D:7      | 7549 ||| Stepping randomly (stuck).
  7550 | D:7      | 7550 ||| Stepping randomly (stuck).
  7551 | D:7      | 7551 ||| Stepping randomly (stuck).
  7552 | D:7      | 7552 ||| Stepping randomly (stuck).
  7553 | D:7      | 7553 ||| Stepping randomly (stuck).
  7554 | D:7      | 7554 ||| Stepping randomly (stuck).
  7556 | D:7      | 7556 ||| Stepping randomly (stuck).
  7557 | D:7      | 7557 ||| Stepping randomly (stuck).
  7559 | D:7      | 7559 ||| Stepping randomly (stuck).
  7560 | D:7      | 7560 ||| Stepping randomly (stuck).
  7561 | D:7      | 7561 ||| Stepping randomly (stuck).
  7563 | D:7      | 7563 ||| Stepping randomly (stuck).
  7564 | D:7      | 7564 ||| Stepping randomly (stuck).
  7565 | D:7      | 7565 ||| Stepping randomly (stuck).
  7567 | D:7      | 7567 ||| Stepping randomly (stuck).
  7569 | D:7      | 7569 ||| Stepping randomly (stuck).
  7570 | D:7      | 7570 ||| Stepping randomly (stuck).
  7571 | D:7      | 7571 ||| Stepping randomly (stuck).
  7573 | D:7      | 7573 ||| Stepping randomly (stuck).
  7574 | D:7      | 7574 ||| Stepping randomly (stuck).
  7575 | D:7      | 7575 ||| Stepping randomly (stuck).
  7577 | D:7      | 7577 ||| Stepping randomly (stuck).
  7578 | D:7      | 7578 ||| Stepping randomly (stuck).
  7580 | D:7      | 7580 ||| Stepping randomly (stuck).
  7581 | D:7      | 7581 ||| Stepping randomly (stuck).
  7582 | D:7      | 7582 ||| Stepping randomly (stuck).
  7584 | D:7      | 7584 ||| Stepping randomly (stuck).
  7585 | D:7      | 7585 ||| Stepping randomly (stuck).
  7586 | D:7      | 7586 ||| Stepping randomly (stuck).
  7587 | D:7      | 7587 ||| Stepping randomly (stuck).
  7588 | D:7      | 7588 ||| Stepping randomly (stuck).
  7589 | D:7      | 7589 ||| Stepping randomly (stuck).
  7590 | D:7      | 7590 ||| Stepping randomly (stuck).
  7591 | D:7      | 7591 ||| Stepping randomly (stuck).
  7593 | D:7      | 7593 ||| Stepping randomly (stuck).
  7595 | D:7      | 7595 ||| Stepping randomly (stuck).
  7596 | D:7      | 7596 ||| Stepping randomly (stuck).
  7597 | D:7      | 7597 ||| Stepping randomly (stuck).
  7598 | D:7      | 7598 ||| Stepping randomly (stuck).
  7599 | D:7      | 7599 ||| Stepping randomly (stuck).
  7600 | D:7      | 7600 ||| Stepping randomly (stuck).
  7601 | D:7      | 7601 ||| Stepping randomly (stuck).
  7602 | D:7      | 7602 ||| Stepping randomly (stuck).
  7603 | D:7      | 7603 ||| Stepping randomly (stuck).
  7604 | D:7      | 7604 ||| Stepping randomly (stuck).
  7605 | D:7      | 7605 ||| Stepping randomly (stuck).
  7607 | D:7      | 7607 ||| Stepping randomly (stuck).
  7609 | D:7      | 7609 ||| Stepping randomly (stuck).
  7610 | D:7      | 7610 ||| Stepping randomly (stuck).
  7611 | D:7      | 7611 ||| Stepping randomly (stuck).
  7612 | D:7      | 7612 ||| Stepping randomly (stuck).
  7613 | D:7      | 7613 ||| Stepping randomly (stuck).
  7614 | D:7      | 7614 ||| Stepping randomly (stuck).
  7615 | D:7      | 7615 ||| Stepping randomly (stuck).
  7616 | D:7      | 7616 ||| Stepping randomly (stuck).
  7617 | D:7      | 7617 ||| Stepping randomly (stuck).
  7619 | D:7      | 7619 ||| Stepping randomly (stuck).
  7621 | D:7      | 7621 ||| Stepping randomly (stuck).
  7622 | D:7      | 7622 ||| Stepping randomly (stuck).
  7624 | D:7      | 7624 ||| Stepping randomly (stuck).
  7626 | D:7      | 7626 ||| Stepping randomly (stuck).
  7628 | D:7      | 7628 ||| Stepping randomly (stuck).
  7630 | D:7      | 7630 ||| Stepping randomly (stuck).
  7631 | D:7      | 7631 ||| Stepping randomly (stuck).
  7632 | D:7      | 7632 ||| Stepping randomly (stuck).
  7633 | D:7      | 7633 ||| Stepping randomly (stuck).
  7634 | D:7      | 7634 ||| Stepping randomly (stuck).
  7635 | D:7      | 7635 ||| Stepping randomly (stuck).
  7637 | D:7      | 7637 ||| Stepping randomly (stuck).
  7639 | D:7      | 7639 ||| Stepping randomly (stuck).
  7640 | D:7      | 7640 ||| Stepping randomly (stuck).
  7642 | D:7      | 7642 ||| Stepping randomly (stuck).
  7643 | D:7      | 7643 ||| Stepping randomly (stuck).
  7645 | D:7      | 7645 ||| Stepping randomly (stuck).
  7646 | D:7      | 7646 ||| Stepping randomly (stuck).
  7648 | D:7      | 7648 ||| Stepping randomly (stuck).
  7649 | D:7      | 7649 ||| Stepping randomly (stuck).
  7651 | D:7      | 7651 ||| Stepping randomly (stuck).
  7652 | D:7      | 7652 ||| Stepping randomly (stuck).
  7653 | D:7      | 7653 ||| Stepping randomly (stuck).
  7655 | D:7      | 7655 ||| Stepping randomly (stuck).
  7656 | D:7      | 7656 ||| Stepping randomly (stuck).
  7657 | D:7      | 7657 ||| Stepping randomly (stuck).
  7659 | D:7      | 7659 ||| Stepping randomly (stuck).
  7660 | D:7      | 7660 ||| Stepping randomly (stuck).
  7661 | D:7      | 7661 ||| Stepping randomly (stuck).
  7662 | D:7      | 7662 ||| Stepping randomly (stuck).
  7663 | D:7      | 7663 ||| Stepping randomly (stuck).
  7664 | D:7      | 7664 ||| Stepping randomly (stuck).
  7666 | D:7      | 7666 ||| Stepping randomly (stuck).
  7668 | D:7      | 7668 ||| Stepping randomly (stuck).
  7669 | D:7      | 7669 ||| Stepping randomly (stuck).
  7670 | D:7      | 7670 ||| Stepping randomly (stuck).
  7671 | D:7      | 7671 ||| Stepping randomly (stuck).
  7673 | D:7      | 7673 ||| Stepping randomly (stuck).
  7675 | D:7      | 7675 ||| Stepping randomly (stuck).
  7677 | D:7      | 7677 ||| Stepping randomly (stuck).
  7678 | D:7      | 7678 ||| Stepping randomly (stuck).
  7679 | D:7      | 7679 ||| Stepping randomly (stuck).
  7681 | D:7      | 7681 ||| Stepping randomly (stuck).
  7683 | D:7      | 7683 ||| Stepping randomly (stuck).
  7684 | D:7      | 7684 ||| Stepping randomly (stuck).
  7686 | D:7      | 7686 ||| Stepping randomly (stuck).
  7687 | D:7      | 7687 ||| Stepping randomly (stuck).
  7688 | D:7      | 7688 ||| Stepping randomly (stuck).
  7690 | D:7      | 7690 ||| Stepping randomly (stuck).
  7691 | D:7      | 7691 ||| Stepping randomly (stuck).
  7692 | D:7      | 7692 ||| Stepping randomly (stuck).
  7693 | D:7      | 7693 ||| Stepping randomly (stuck).
  7695 | D:7      | 7695 ||| Stepping randomly (stuck).
  7696 | D:7      | 7696 ||| Stepping randomly (stuck).
  7697 | D:7      | 7697 ||| Stepping randomly (stuck).
  7699 | D:7      | 7699 ||| Stepping randomly (stuck).
  7700 | D:7      | 7700 ||| Stepping randomly (stuck).
  7701 | D:7      | 7701 ||| Stepping randomly (stuck).
  7703 | D:7      | 7703 ||| Stepping randomly (stuck).
  7705 | D:7      | 7705 ||| Stepping randomly (stuck).
  7707 | D:7      | 7707 ||| Stepping randomly (stuck).
  7708 | D:7      | 7708 ||| Stepping randomly (stuck).
  7709 | D:7      | 7709 ||| Stepping randomly (stuck).
  7711 | D:7      | 7711 ||| Stepping randomly (stuck).
  7712 | D:7      | 7712 ||| Stepping randomly (stuck).
  7713 | D:7      | 7713 ||| Stepping randomly (stuck).
  7714 | D:7      | 7714 ||| Stepping randomly (stuck).
  7715 | D:7      | 7715 ||| Stepping randomly (stuck).
  7716 | D:7      | 7716 ||| Stepping randomly (stuck).
  7717 | D:7      | 7717 ||| Stepping randomly (stuck).
  7718 | D:7      | 7718 ||| Stepping randomly (stuck).
  7719 | D:7      | 7719 ||| Stepping randomly (stuck).
  7721 | D:7      | 7721 ||| Stepping randomly (stuck).
  7722 | D:7      | 7722 ||| Stepping randomly (stuck).
  7723 | D:7      | 7723 ||| Stepping randomly (stuck).
  7725 | D:7      | 7725 ||| Stepping randomly (stuck).
  7726 | D:7      | 7726 ||| Stepping randomly (stuck).
  7727 | D:7      | 7727 ||| Stepping randomly (stuck).
  7728 | D:7      | 7728 ||| Stepping randomly (stuck).
  7730 | D:7      | 7730 ||| Stepping randomly (stuck).
  7731 | D:7      | 7731 ||| Stepping randomly (stuck).
  7733 | D:7      | 7733 ||| Stepping randomly (stuck).
  7734 | D:7      | 7734 ||| Stepping randomly (stuck).
  7736 | D:7      | 7736 ||| Stepping randomly (stuck).
  7737 | D:7      | 7737 ||| Stepping randomly (stuck).
  7738 | D:7      | 7738 ||| Stepping randomly (stuck).
  7739 | D:7      | 7739 ||| Stepping randomly (stuck).
  7740 | D:7      | 7740 ||| Stepping randomly (stuck).
  7742 | D:7      | 7742 ||| Stepping randomly (stuck).
  7744 | D:7      | 7744 ||| Stepping randomly (stuck).
  7746 | D:7      | 7746 ||| Stepping randomly (stuck).
  7747 | D:7      | 7747 ||| Stepping randomly (stuck).
  7749 | D:7      | 7749 ||| Stepping randomly (stuck).
  7751 | D:7      | 7751 ||| Stepping randomly (stuck).
  7753 | D:7      | 7753 ||| Stepping randomly (stuck).
  7755 | D:7      | 7755 ||| Stepping randomly (stuck).
  7756 | D:7      | 7756 ||| Stepping randomly (stuck).
  7757 | D:7      | 7757 ||| Stepping randomly (stuck).
  7758 | D:7      | 7758 ||| Stepping randomly (stuck).
  7760 | D:7      | 7760 ||| Stepping randomly (stuck).
  7761 | D:7      | 7761 ||| Stepping randomly (stuck).
  7763 | D:7      | 7763 ||| Stepping randomly (stuck).
  7765 | D:7      | 7765 ||| Stepping randomly (stuck).
  7766 | D:7      | 7766 ||| Stepping randomly (stuck).
  7767 | D:7      | 7767 ||| Stepping randomly (stuck).
  7769 | D:7      | 7769 ||| Stepping randomly (stuck).
  7770 | D:7      | 7770 ||| Stepping randomly (stuck).
  7772 | D:7      | 7772 ||| Stepping randomly (stuck).
  7774 | D:7      | 7774 ||| Stepping randomly (stuck).
  7776 | D:7      | 7776 ||| Stepping randomly (stuck).
  7777 | D:7      | 7777 ||| Stepping randomly (stuck).
  7779 | D:7      | 7779 ||| Stepping randomly (stuck).
  7781 | D:7      | 7781 ||| Stepping randomly (stuck).
  7783 | D:7      | 7783 ||| Stepping randomly (stuck).
  7785 | D:7      | 7785 ||| Stepping randomly (stuck).
  7787 | D:7      | 7787 ||| Stepping randomly (stuck).
  7789 | D:7      | 7789 ||| Stepping randomly (stuck).
  7790 | D:7      | 7790 ||| Stepping randomly (stuck).
  7791 | D:7      | 7791 ||| Stepping randomly (stuck).
  7793 | D:7      | 7793 ||| Stepping randomly (stuck).
  7794 | D:7      | 7794 ||| Stepping randomly (stuck).
  7796 | D:7      | 7796 ||| Stepping randomly (stuck).
  7797 | D:7      | 7797 ||| Stepping randomly (stuck).
  7798 | D:7      | 7798 ||| Stepping randomly (stuck).
  7799 | D:7      | 7799 ||| Stepping randomly (stuck).
  7800 | D:7      | 7800 ||| Stepping randomly (stuck).
  7802 | D:7      | 7802 ||| Stepping randomly (stuck).
  7804 | D:7      | 7804 ||| Stepping randomly (stuck).
  7806 | D:7      | 7806 ||| Stepping randomly (stuck).
  7808 | D:7      | 7808 ||| Stepping randomly (stuck).
  7809 | D:7      | 7809 ||| Stepping randomly (stuck).
  7811 | D:7      | 7811 ||| Stepping randomly (stuck).
  7813 | D:7      | 7813 ||| Stepping randomly (stuck).
  7814 | D:7      | 7814 ||| Stepping randomly (stuck).
  7815 | D:7      | 7815 ||| Stepping randomly (stuck).
  7816 | D:7      | 7816 ||| Stepping randomly (stuck).
  7817 | D:7      | 7817 ||| Stepping randomly (stuck).
  7818 | D:7      | 7818 ||| Stepping randomly (stuck).
  7819 | D:7      | 7819 ||| Stepping randomly (stuck).
  7820 | D:7      | 7820 ||| Stepping randomly (stuck).
  7821 | D:7      | 7821 ||| Stepping randomly (stuck).
  7822 | D:7      | 7822 ||| Stepping randomly (stuck).
  7824 | D:7      | 7824 ||| Stepping randomly (stuck).
  7825 | D:7      | 7825 ||| Stepping randomly (stuck).
  7827 | D:7      | 7827 ||| Stepping randomly (stuck).
  7829 | D:7      | 7829 ||| Stepping randomly (stuck).
  7831 | D:7      | 7831 ||| Stepping randomly (stuck).
  7832 | D:7      | 7832 ||| Stepping randomly (stuck).
  7833 | D:7      | 7833 ||| Stepping randomly (stuck).
  7834 | D:7      | 7834 ||| Stepping randomly (stuck).
  7836 | D:7      | 7836 ||| Stepping randomly (stuck).
  7837 | D:7      | 7837 ||| Stepping randomly (stuck).
  7839 | D:7      | 7839 ||| Stepping randomly (stuck).
  7840 | D:7      | 7840 ||| Stepping randomly (stuck).
  7841 | D:7      | 7841 ||| Stepping randomly (stuck).
  7842 | D:7      | 7842 ||| Stepping randomly (stuck).
  7843 | D:7      | 7843 ||| Stepping randomly (stuck).
  7844 | D:7      | 7844 ||| Stepping randomly (stuck).
  7846 | D:7      | 7846 ||| Stepping randomly (stuck).
  7848 | D:7      | 7848 ||| Stepping randomly (stuck).
  7850 | D:7      | 7850 ||| Stepping randomly (stuck).
  7851 | D:7      | 7851 ||| Stepping randomly (stuck).
  7853 | D:7      | 7853 ||| Stepping randomly (stuck).
  7855 | D:7      | 7855 ||| Stepping randomly (stuck).
  7856 | D:7      | 7856 ||| Stepping randomly (stuck).
  7857 | D:7      | 7857 ||| Stepping randomly (stuck).
  7858 | D:7      | 7858 ||| Stepping randomly (stuck).
  7860 | D:7      | 7860 ||| Stepping randomly (stuck).
  7862 | D:7      | 7862 ||| Stepping randomly (stuck).
  7863 | D:7      | 7863 ||| Stepping randomly (stuck).
  7864 | D:7      | 7864 ||| Stepping randomly (stuck).
  7865 | D:7      | 7865 ||| Stepping randomly (stuck).
  7866 | D:7      | 7866 ||| Stepping randomly (stuck).
  7868 | D:7      | 7868 ||| Stepping randomly (stuck).
  7870 | D:7      | 7870 ||| Stepping randomly (stuck).
  7871 | D:7      | 7871 ||| Stepping randomly (stuck).
  7873 | D:7      | 7873 ||| Stepping randomly (stuck).
  7875 | D:7      | 7875 ||| Stepping randomly (stuck).
  7877 | D:7      | 7877 ||| Stepping randomly (stuck).
  7879 | D:7      | 7879 ||| Stepping randomly (stuck).
  7881 | D:7      | 7881 ||| Stepping randomly (stuck).
  7882 | D:7      | 7882 ||| Stepping randomly (stuck).
  7884 | D:7      | 7884 ||| Stepping randomly (stuck).
  7885 | D:7      | 7885 ||| Stepping randomly (stuck).
  7887 | D:7      | 7887 ||| Stepping randomly (stuck).
  7888 | D:7      | 7888 ||| Stepping randomly (stuck).
  7889 | D:7      | 7889 ||| Stepping randomly (stuck).
  7891 | D:7      | 7891 ||| Stepping randomly (stuck).
  7892 | D:7      | 7892 ||| Stepping randomly (stuck).
  7893 | D:7      | 7893 ||| Stepping randomly (stuck).
  7894 | D:7      | 7894 ||| Stepping randomly (stuck).
  7895 | D:7      | 7895 ||| Stepping randomly (stuck).
  7896 | D:7      | 7896 ||| Stepping randomly (stuck).
  7898 | D:7      | 7898 ||| Stepping randomly (stuck).
  7900 | D:7      | 7900 ||| Stepping randomly (stuck).
  7902 | D:7      | 7902 ||| Stepping randomly (stuck).
  7903 | D:7      | 7903 ||| Stepping randomly (stuck).
  7905 | D:7      | 7905 ||| Stepping randomly (stuck).
  7906 | D:7      | 7906 ||| Stepping randomly (stuck).
  7907 | D:7      | 7907 ||| Stepping randomly (stuck).
  7908 | D:7      | 7908 ||| Stepping randomly (stuck).
  7909 | D:7      | 7909 ||| Stepping randomly (stuck).
  7910 | D:7      | 7910 ||| Stepping randomly (stuck).
  7911 | D:7      | 7911 ||| Stepping randomly (stuck).
  7912 | D:7      | 7912 ||| Stepping randomly (stuck).
  7913 | D:7      | 7913 ||| Stepping randomly (stuck).
  7914 | D:7      | 7914 ||| Stepping randomly (stuck).
  7915 | D:7      | 7915 ||| Stepping randomly (stuck).
  7917 | D:7      | 7917 ||| Stepping randomly (stuck).
  7919 | D:7      | 7919 ||| Stepping randomly (stuck).
  7921 | D:7      | 7921 ||| Stepping randomly (stuck).
  7922 | D:7      | 7922 ||| Stepping randomly (stuck).
  7923 | D:7      | 7923 ||| Stepping randomly (stuck).
  7924 | D:7      | 7924 ||| Stepping randomly (stuck).
  7926 | D:7      | 7926 ||| Stepping randomly (stuck).
  7927 | D:7      | 7927 ||| Stepping randomly (stuck).
  7929 | D:7      | 7929 ||| Stepping randomly (stuck).
  7930 | D:7      | 7930 ||| Stepping randomly (stuck).
  7932 | D:7      | 7932 ||| Stepping randomly (stuck).
  7933 | D:7      | 7933 ||| Stepping randomly (stuck).
  7934 | D:7      | 7934 ||| Stepping randomly (stuck).
  7935 | D:7      | 7935 ||| Stepping randomly (stuck).
  7936 | D:7      | 7936 ||| Stepping randomly (stuck).
  7938 | D:7      | 7938 ||| Stepping randomly (stuck).
  7940 | D:7      | 7940 ||| Stepping randomly (stuck).
  7941 | D:7      | 7941 ||| Stepping randomly (stuck).
  7942 | D:7      | 7942 ||| Stepping randomly (stuck).
  7943 | D:7      | 7943 ||| Stepping randomly (stuck).
  7944 | D:7      | 7944 ||| Stepping randomly (stuck).
  7945 | D:7      | 7945 ||| Stepping randomly (stuck).
  7947 | D:7      | 7947 ||| Stepping randomly (stuck).
  7948 | D:7      | 7948 ||| Stepping randomly (stuck).
  7950 | D:7      | 7950 ||| Stepping randomly (stuck).
  7952 | D:7      | 7952 ||| Stepping randomly (stuck).
  7953 | D:7      | 7953 ||| Stepping randomly (stuck).
  7954 | D:7      | 7954 ||| Stepping randomly (stuck).
  7955 | D:7      | 7955 ||| Stepping randomly (stuck).
  7956 | D:7      | 7956 ||| Stepping randomly (stuck).
  7958 | D:7      | 7958 ||| Stepping randomly (stuck).
  7960 | D:7      | 7960 ||| Stepping randomly (stuck).
  7961 | D:7      | 7961 ||| Stepping randomly (stuck).
  7962 | D:7      | 7962 ||| Stepping randomly (stuck).
  7963 | D:7      | 7963 ||| Stepping randomly (stuck).
  7965 | D:7      | 7965 ||| Stepping randomly (stuck).
  7967 | D:7      | 7967 ||| Stepping randomly (stuck).
  7968 | D:7      | 7968 ||| Stepping randomly (stuck).
  7969 | D:7      | 7969 ||| Stepping randomly (stuck).
  7970 | D:7      | Quit the game

Levels and vault maps discovered:
D:1:      onia_arrival_zoo_common, layout_basic, serial_shops,
          nicolae_shop_statue_plus, dreamdust_ecumenical_altar_grove,
          minmay_indecisive_spiral
D:2:      layout_basic, serial_shops, shop, shop, shop,
          nicolae_shop_window_shopping, minmay_misc_feat_five,
          hangedman_abyss_or_decor_stabs, minivault_19, dk_vineyard_3,
          uniq_crazy_yiuf_cottage
D:3:      layout_basic, serial_shops, shop, minivault_19, grunt_ministairs_4,
          chequers_serial_rivers_micro_e, kennysheep_generic_room_9
D:4:      dreamdust_elfheim, layout_cave_pools, nicolae_overflow_hidden_temple,
          temple_statues, serial_shops, nicolae_shop_crystal, uniq_eustachio,
          uniq_blork_the_orc
D:5:      layout_rooms, old_standard_altar, tgw_kikubaaqudgha,
          gammafunk_temple_overflow_elements, gammafunk_ghost_split,
          hangedman_abyss_or_decor_stagger, nicolae_grassy_gnolls
D:6:      layout_basic, serial_curves, eino_curves_01, eino_curves_02
D:7:      layout_loops_corners, jmf_multi_god_temple, nicolae_wooded_promenade

Skill      XL: |  1  2  3  4  5  6  7  8  9 |
---------------+----------------------------+-----
Axes           | 4 5 7 9 10 12 13 | 13.0
Fighting       | 4 5 6 8 |  8.0
Armour         | 3 4 5 7 |  7.1
Throwing       | 2 |  2.0
Dodging        | |  2.1

Action                   |  1- 3 |  4- 6 |  7- 9 || total
-------------------------+-------+-------+-------++-------
Melee: Hand axe          |    89 |    75 |       ||   164
       Headbutt          |     9 |    10 |    16 ||    35
       War axe           |       |    22 |   112 ||   134
       Kick              |       |       |    27 ||    27
Throw: Boomerang         |       |    17 |    52 ||    69
Invok: Berserk           |       |     4 |     8 ||    12
  Use: Scroll            |     2 |     3 |    10 ||    15
       Potion            |       |     1 |     5 ||     6
 Stab: Invisible         |       |       |     2 ||     2
Armor: Animal skin       |     6 |       |       ||     6
       Plate armour      |    28 |    54 |    52 ||   134
Dodge: Dodged            |    41 |    28 |    54 ||   123

Table legend:
 A = Non-vault XP
 B = Vault XP
 C = Vault XP percentage of total XP
 D = Non-vault monster count
 E = Vault monster count
 F = Vault count percentage of total count
                 A         B        C        D         E       F
            +---------+---------+-------+---------+---------+-------
      Total |    3759 |     758 |  16.8 |     124 |      16 |  11.4
            +---------+---------+-------+---------+---------+-------
        D:1 |      23 |       7 |  23.3 |      14 |       4 |  22.2
        D:2 |      71 |       0 |   0.0 |      25 |       0 |   0.0
        D:3 |      85 |       7 |   7.6 |      10 |       3 |  23.1
        D:4 |     481 |     496 |  50.8 |      20 |       4 |  16.7
        D:5 |     560 |     133 |  19.2 |      10 |       4 |  28.6
        D:6 |    1617 |       0 |   0.0 |      32 |       0 |   0.0
        D:7 |     922 |     115 |  11.1 |      13 |       1 |   7.1
            +---------+---------+-------+---------+---------+-------
